 Dungeon Crawl Stone Soup version 0.22-a0-160-gcc81d7a (webtiles) character file.

635 Borgoz the Skirmisher (level 7, -1/61 HPs)
             Began as a Minotaur Abyssal Knight on Feb 10, 2018.
             Was a Priest of Lugonu.
             Slain by Pikel
             ... wielding a +2 whip of freezing
              (8 damage)
             ... on level 4 of the Dungeon.
             The game lasted 00:07:41 (5584 turns).

Borgoz the Skirmisher (Minotaur Abyssal Knight)     Turns: 5584, Time: 00:07:41

Health: -1/61      AC:  3    Str: 19    XL:     7   Next: 25%
Magic:  8/8        EV: 13    Int: 15    God:    Lugonu [***...]
Gold:   216        SH:  0    Dex: 11    Spells: 6/6 levels left

rFire    . . .     SeeInvis .   a - +1 hand axe
rCold    . . .     Gourm    .   (no shield)
rNeg     . . .     Faith    .   m - +0 leather armour
rPois    .         Spirit   .   (helmet restricted)
rElec    .         Reflect  .   (no cloak)
rCorr    .         Harm     .   (no gloves)
MR       .....                  (no boots)
Stlth    +.........             (no amulet)
HPRegen  0.20/turn              j - +6 ring of intelligence
MPRegen  0.11/turn              p - +2 ring of strength

@: hasted, drained, very quick
A: retaliatory headbutt, horns 2
a: Depart the Abyss, Bend Space, Banish, Renounce Religion


You were on level 4 of the Dungeon.
You worshipped Lugonu.
Lugonu was most pleased with you.
You were not hungry.

You visited 2 branches of the dungeon, and saw 5 of its levels.
You visited the Abyss 1 time.

You collected 216 gold pieces.

Inventory:

Hand Weapons
 a - a +1 hand axe (weapon)
 b - a +2 whip of draining
Armour
 m - a +0 leather armour (worn)
Jewellery
 j - a +6 ring of intelligence (left hand)
 p - a +2 ring of strength (right hand)
Wands
 k - a wand of disintegration (14)
 t - a wand of polymorph (12)
Scrolls
 d - a scroll of enchant weapon {unknown}
 g - 3 scrolls of remove curse {unknown}
 h - 4 scrolls of teleportation {unknown}
 n - 2 scrolls of magic mapping {unknown}
 q - a scroll of noise {unknown}
 r - a scroll of immolation {unknown}
 v - a scroll of enchant armour {unknown}
Potions
 f - 2 potions of mutation
 i - a potion of flight
 o - a potion of resistance
 s - a potion of curing
 w - a potion of brilliance
Comestibles
 c - 3 rations


   Skills:
 + Level 5.5(5.4) Fighting
 + Level 4.7(4.6) Axes
 + Level 4.8(4.6) Armour
 + Level 3.8(3.7) Dodging
 + Level 3.8(3.7) Invocations


You had 6 spell levels left.
You didn't know any spells.

Dungeon Overview and Level Annotations

Branches:
Dungeon (4/15)             Temple (1/1) D:4

Altars:
Ashenzari
Cheibriados
Gozag
Hepliaklqana
Kikubaaqudgha
Makhleb
Okawaru
Qazlal
Sif Muna
Trog
Wu Jian
Xom
Yredelemnul
Zin
The Shining One

Annotations:
D:4 Pikel


Innate Abilities, Weirdness & Mutations

You reflexively headbutt those who attack you in melee.
You have a pair of horns on your head.


Message History

Pikel is moderately wounded.
Pikel hits you with a whip of freezing. Pikel freezes you.
You hit Pikel.
Pikel is moderately wounded.
Pikel hits you with a whip of freezing. Pikel freezes you.
You hit Pikel.
Pikel is moderately wounded.
Pikel hits you with a whip of freezing. Pikel freezes you.
You closely miss Pikel.
Pikel is moderately wounded.
Pikel hits you with a whip of freezing.
* * * LOW HITPOINT WARNING * * *
Pikel freezes you.
* * * LOW HITPOINT WARNING * * *
Pikel hits you with a whip of freezing.
* * * LOW HITPOINT WARNING * * *
Pikel freezes you.
* * * LOW HITPOINT WARNING * * *
You feel yourself speed up. Pikel hits you with a whip of freezing!
You die...

#...### #........##
##p.# ......##
#.........### ##..##
.......#
#...........####....#
.......##
##...#..p.....##.....
........##
####..###..pp......
.....(...# ###...#
###.)......
.........# #...#.#
####..... ..........#
###K###.# ###...
..........# #..[@.#.#
###.
..........###.⌠.⌠.#.#
##
..........#.'..>..+.#
..........#.#.⌠.⌠.###
.........##.#.....#
.......###..###+###
......###.......#
......##..#######
......#..#.##


You could see Pikel.

Vanquished Creatures
  Menkaure (D:4)
  A slave (D:4)
  An ogre (D:4)
  The ghost of Borgoz the Skirmisher, a weakling MiAK of Lugonu (D:4)
  A howler monkey (D:4)
  A hound (D:3)
  3 orc wizards (D:3)
  Ijyb (D:3)
  A hound skeleton (D:4)
  5 gnolls
  4 adders
  3 worms
  A dart slug (D:2)
  5 leopard geckos
  6 orcs (D:3)
  5 giant cockroaches
  9 goblins
  9 hobgoblins
  10 jackals (D:1)
  A quokka (D:2)
  3 ball pythons
  11 bats
  5 frilled lizards
  6 kobolds
  10 rats
104 creatures vanquished.

Notes
Turn   | Place    | Note
-------+----------+-------------------------------------------
     0 | Abyss:1  | Borgoz the Minotaur Abyssal Knight began the quest for the Orb.
     0 | Abyss:1  | Reached XP level 1. HP: 19/19 MP: 1/1
    68 | Abyss:1  | Found a corrupted altar of Lugonu.
    91 | Abyss:1  | Found a shattered altar of Ashenzari.
   109 | Abyss:1  | Noticed a hellwing
   111 | D:1      | Escaped the Abyss
   361 | D:1      | Reached XP level 2. HP: 26/27 MP: 2/2
   534 | D:1      | Reached * piety under Lugonu
   722 | D:1      | Reached XP level 3. HP: 33/33 MP: 3/3
   744 | D:1      | Reached skill level 4 in Fighting
  1623 | D:2      | Reached ** piety under Lugonu
  1623 | D:2      | Reached XP level 4. HP: 19/40 MP: 4/4
  1905 | D:2      | Found a hazy altar of Hepliaklqana.
  2144 | D:2      | Found a shattered altar of Ashenzari.
  2880 | D:2      | Reached XP level 5. HP: 41/47 MP: 6/6
  3544 | D:3      | Noticed Ijyb
  3564 | D:3      | Killed Ijyb
  3656 | D:3      | Reached XP level 6. HP: 36/55 MP: 7/7
  3901 | D:3      | Reached skill level 5 in Fighting
  4029 | D:3      | Reached *** piety under Lugonu
  4418 | D:4      | Noticed Borgoz's ghost (weakling MiAK)
  4432 | D:4      | Killed Borgoz's ghost
  4705 | D:4      | Noticed Menkaure
  4733 | D:4      | Killed Menkaure
  4733 | D:4      | Reached XP level 7. HP: 11/61 MP: 8/8
  5122 | D:4      | Found a staircase to the Ecumenical Temple.
  5128 | Temple   | Entered the Ecumenical Temple
  5546 | D:4      | Noticed Pikel
  5584 | D:4      | Slain by Pikel

Vault maps used:
D:1:      matt_arrival_spirals
D:2:      ashenzari_conservatory_becter, nicolae_overflow_hidden_temple
D:3:      minmay_door_path, uniq_ijyb
D:4:      minmay_temple_entry_hall, first_ration, uniq_pikel, uniq_menkaure
Temple:   nicolae_temple_figure_eight
Abyss:1:  hangedman_classic_abyss_death

Skill      XL: |  1  2  3  4  5  6 |
---------------+-------------------+-----
Invocations    | 2 3 |  3.8
Fighting       | 4 5 |  5.5
Axes           | 3 4 |  4.7
Armour         | 3 4 |  4.8
Dodging        | 2 3 |  3.8

Action                   |  1- 3 |  4- 6 |  7- 9 || total
-------------------------+-------+-------+-------++-------
Melee: Hand axe          |    99 |   178 |    21 ||   298
       Headbutt          |    11 |    22 |     4 ||    37
Invok: Depart the Abyss  |     1 |       |       ||     1
  Use: Scroll            |       |     5 |     1 ||     6
       Potion            |       |     2 |     1 ||     3
 Stab: Sleeping          |       |     1 |       ||     1
  Eat: Chunk             |     2 |     9 |       ||    11
       Ration            |       |       |     1 ||     1
Armor: Leather armour    |    25 |    53 |     4 ||    82
       Skin              |       |     4 |       ||     4
Dodge: Dodged            |    60 |   101 |     9 ||   170

Table legend:
 A = Spawn XP
 B = Non-spawn XP
 C = Spawn XP percentage of total XP
 D = Spawn monster count
 E = Non-spawn monster count
 F = Spawn count percentage of total count
 G = Total turns spent on level
                    A         B        C        D         E        F      G
               +---------+---------+-------+---------+---------+-------+---------
         Total |       0 |     908 |   0.0 |       0 |     103 |   0.0 |  5584
               +---------+---------+-------+---------+---------+-------+---------
           D:1 |       0 |      77 |   0.0 |       0 |      38 |   0.0 |  1408
           D:2 |       0 |     126 |   0.0 |       0 |      27 |   0.0 |  1415
           D:3 |       0 |     271 |   0.0 |       0 |      31 |   0.0 |  1444
           D:4 |       0 |     434 |   0.0 |       0 |       7 |   0.0 |  1012
               +---------+---------+-------+---------+---------+-------+---------
